 Dungeon Crawl Stone Soup version 0.17-a0-18-gc25b939 (webtiles) character file.

460 Chiseanne the Magician (level 7, -4/36 HPs)
             Began as a Gargoyle Necromancer on Mar 10, 2015.
             Slain by Eptagon's ghost (7 damage)
             ... on level 4 of the Dungeon.
             The game lasted 00:21:59 (6306 turns).

Chiseanne the Magician (Gargoyle Necromancer)       Turns: 6306, Time: 00:22:00

Health: -4/36      AC:  6    Str: 12    XL:     7   Next: 7%
Magic:  18/18      EV: 17    Int: 16    God:
Gold:   185        SH:  0    Dex: 16    Spells: 5 memorised, 4 levels left

rFire  . . .     SeeInvis .     a - +0 flail (holy)
rCold  . . .     Clarity  .     q - +0 robe {rN+}
rNeg   + + .     SustAb   .     (no shield)
rPois  ∞         Gourm    .     (no helmet)
rElec  +         Spirit   .     (no cloak)
rCorr  .         Warding  .     (no gloves)
rMut   .         Stasis   .     (no boots)
MR     .....                    (no amulet)
Stlth  +++.......               (no ring)
                                o - ring of wizardry

@: agile, not resistant to hostile enchantments, fairly stealthy
A: negative energy resistance 1, electricity resistance, unbreathing,
petrification resistance, rot immunity, AC +4
a: no special abilities


You were on level 4 of the Dungeon.
You were hungry.

You visited 1 branch of the dungeon, and saw 4 of its levels.

You collected 185 gold pieces.

Inventory:

Hand weapons
 a - a +0 flail of holy wrath (weapon)
 s - a +0 dagger of venom
Missiles
 g - 42 bolts
 p - 46 arrows
Armour
 f - a +0 large shield
 q - a +0 robe of positive energy (worn)
Jewellery
 o - a ring of wizardry (left hand)
 x - an uncursed ring of fire
Scrolls
 d - a scroll of blinking {unknown}
 i - a scroll of recharging {unknown}
 n - a scroll of immolation {unknown}
 r - 3 scrolls of remove curse
 t - a scroll of random uselessness {unknown}
 u - a scroll of noise {unknown}
 w - a scroll of enchant armour {unknown}
 y - a scroll of teleportation
Potions
 e - a potion of brilliance
 l - 3 potions of curing
 m - 2 potions of cure mutation
 v - a potion of restore abilities {unknown}
 z - a potion of poison {unknown}
 A - a potion of might {unknown}
Books
 b - a book of Necromancy

   Spells                             Type                      Level
   a - Pain                           Necromancy                   1
   b - Animate Skeleton               Necromancy                   1
   c - Vampiric Draining              Necromancy                   3
   d - Regeneration                   Charms/Necromancy            3
   e - Animate Dead                   Necromancy                   4
   f - Control Undead                 Necromancy                   4
Comestibles
 c - 2 bread rations
 h - 2 meat rations
 k - 8 fruits


   Skills:
 - Level 1.5 Dodging
 - Level 2.1 Stealth
 * Level 5.2 Spellcasting
 * Level 5.1 Necromancy


You had 4 spell levels left.
You knew the following spells:

 Your Spells              Type           Power        Failure   Level  Hunger
a - Pain                  Necr           ###.         1%          1    None
b - Animate Skeleton      Necr           N/A          1%          1    None
c - Vampiric Draining     Necr           ###.......   3%          3    ###....
d - Regeneration          Chrm/Necr      ##........   7%          3    ###....
e - Animate Dead          Necr           N/A          9%          4    ####...


Dungeon Overview and Level Annotations

Branches:
Dungeon (4/15)
 Temple: D:4-7

Altars:
Cheibriados
Makhleb
Ru
Vehumet

Annotations:
D:4 Eptagon's ghost, experienced DDAr


Innate Abilities, Weirdness & Mutations

You are resistant to torment.
You are immune to poison.
Your stone body is very resilient (AC +4).
You resist negative energy.
You are resistant to electric shocks.
You can survive without breathing.
You are immune to petrification.
You are immune to rotting.


Message History

You barely miss Eptagon's ghost.
Eptagon's ghost is lightly damaged.
Eptagon's ghost hits you! Eptagon's ghost burns you.
Your orc zombie barely misses Eptagon's ghost.
You closely miss Eptagon's ghost.
Eptagon's ghost is lightly damaged.
Eptagon's ghost hits you. Eptagon's ghost burns you.
Your orc zombie hits Eptagon's ghost but does no damage.
Eptagon's ghost hits you!
* * * LOW HITPOINT WARNING * * *
Eptagon's ghost burns you.
* * * LOW HITPOINT WARNING * * *
Drink which item? (? for menu, Esc to quit)
You feel agile all of a sudden.
Your orc zombie misses Eptagon's ghost.
Eptagon's ghost hits you but does no damage.
Your orc zombie closely misses Eptagon's ghost.
Eptagon's ghost says, "I won't need demonic support against you."
Eptagon's ghost hits you!
You die...

.....................##
.....................#
.....................#
.....................#
.....................#
.....................#
.....................# ##
....................##...#
..............ZW@.....#
....................###
...................##
....................#
....................#
..(...................
#..#...............####
#..#..............##
#..#..........#..#


You could see Eptagon's ghost and a friendly orc zombie.

Vanquished Creatures
  Duvessa (D:3)
  Dowan (D:3)
  An orc priest (D:3)
  A hound (D:3)
  An iguana (D:3)
  An orc wizard (D:2)
  2 worker ants
  4 adders
  A giant mite (D:1)
  A worm (D:3)
  A giant gecko (D:2)
  9 orcs
  18 bats
  2 giant cockroaches
  11 hobgoblins
  3 jackals (D:3)
  A quokka (D:3)
  2 ball pythons (D:1)
  6 giant newts
  8 goblins
  7 kobolds
  6 rats
  2 plants (D:1)
90 creatures vanquished.

Vanquished Creatures (collateral kills)
  Edmund (D:3)
  Jessica (D:3)
  An adder (D:3)
  4 worms
  A giant gecko (D:3)
  3 orcs (D:3)
  5 hobgoblins
  2 kobolds
  2 rats (D:1)
20 creatures vanquished.

Vanquished Creatures (others)
  A hound skeleton (D:3)
  2 adder skeletons
  An iguana skeleton (D:3)
  5 orc skeletons
  6 bat skeletons
  A bat zombie (D:4)
  A giant newt skeleton (D:3)
  3 goblin skeletons
  2 hobgoblin skeletons
  A hobgoblin zombie (D:3)
  3 jackal zombies (D:3)
  A kobold skeleton (D:2)
  A kobold zombie (D:3)
  4 orc zombies (D:3)
  A rat skeleton (D:2)
33 creatures vanquished.

Grand Total: 143 creatures vanquished

Notes
Turn   | Place    | Note
--------------------------------------------------------------
     0 | D:1      | Chiseanne, the Gargoyle Necromancer, began the quest for the Orb.
     0 | D:1      | Reached XP level 1. HP: 10/10 MP: 3/3
     2 | D:1      | Learned a level 1 spell: Animate Skeleton
   925 | D:1      | Reached XP level 2. HP: 15/15 MP: 2/4
  1415 | D:1      | Reached XP level 3. HP: 15/19 MP: 0/6
  1549 | D:1      | Learned a level 3 spell: Vampiric Draining
  2382 | D:2      | Found a sacrificial altar of Ru.
  2395 | D:2      | Reached skill level 4 in Necromancy
  2395 | D:2      | Reached XP level 4. HP: 13/24 MP: 1/9
  2709 | D:2      | Learned a level 3 spell: Regeneration
  3398 | D:3      | Reached XP level 5. HP: 22/28 MP: 2/12
  3416 | D:3      | Found a burning altar of Makhleb.
  3582 | D:3      | Learned a level 4 spell: Animate Dead
  3902 | D:3      | Found a radiant altar of Vehumet.
  3902 | D:3      | Found a snail-covered altar of Cheibriados.
  4309 | D:3      | Noticed Jessica
  4321 | D:3      | Killed Jessica
  4321 | D:3      | Reached XP level 6. HP: 11/32 MP: 0/15
  5247 | D:4      | Noticed Eptagon's ghost (experienced DDAr)
  5311 | D:4      | Noticed Edmund
  5454 | D:3      | Killed Edmund
  5503 | D:4      | Noticed Duvessa
  5505 | D:4      | Noticed Dowan
  5850 | D:3      | Killed Duvessa
  5850 | D:3      | Reached skill level 5 in Spellcasting
  5850 | D:3      | Reached skill level 5 in Necromancy
  5855 | D:3      | Killed Dowan
  5855 | D:3      | Reached XP level 7. HP: 30/36 MP: 3/18
  6306 | D:4      | Slain by Eptagon's ghost

Action                   |  1- 3 |  4- 6 |  7- 9 || total
-------------------------+-------+-------+-------++-------
Melee: Spear             |    41 |       |       ||    41
       Short sword       |    32 |    29 |       ||    61
       Flail             |       |     1 |     3 ||     4
 Cast: Pain              |    55 |   114 |     9 ||   178
       Animate Skeleton  |    18 |    23 |       ||    41
       Vampiric Draining |       |    21 |     1 ||    22
       Regeneration      |       |     3 |     1 ||     4
       Animate Dead      |       |     8 |     2 ||    10
  Use: Scroll            |     3 |     1 |     2 ||     6
       Potion            |       |       |     1 ||     1
 Stab: Distracted        |     1 |       |       ||     1
  Eat: Chunk             |     6 |    11 |       ||    17
       Pizza             |       |     1 |       ||     1
       Royal jelly       |       |     1 |       ||     1
       Fruit             |       |       |     1 ||     1
